 Dungeon Crawl Stone Soup version 0.27-a0-1090-gb115f176c6 (webtiles) character file.

Game seed: 7245590044637234346

30854 1player the Nimble (level 13, -5/82 HPs)
             Began as a Kobold Hunter on Apr 27, 2021.
             Was a Priest of Fedhas.
             Slain by a basilisk (7 damage)
             ... while petrified by a basilisk
             ... on level 5 of the Lair of Beasts.
             The game lasted 01:03:08 (26025 turns).

1player the Nimble (Kobold Hunter)                 Turns: 26025, Time: 01:03:09

Health: -5/82      AC: 10    Str: 10    XL:     13   Next: 91%
Magic:  14/19      EV:  3    Int: 14    God:    Fedhas [***...]
Gold:   1042       SH:  0    Dex: 29    Spells: 0/12 levels left

rFire    + + .     SeeInvis +   b - +3 short sword (venom)
rCold    . . .     Faith    .   (shield restricted)
rNeg     + + +     Spirit   .   T - +0 leather armour of the Distant Future {Rampage rF+ rN++ Dex-2}
rPois    ∞         Reflect  +   y - +0 helmet
rElec    .         Harm     .   I - +0 cloak
rCorr    +         Rampage  +   q - +1 pair of gloves
Will     .....                  G - +2 pair of boots
Stlth    ++++++....             W - amulet of Esisk {Reflect rF+ rCorr Dex+3 SH+5}
HPRegen  0.23/turn              k - +6 ring of dexterity
MPRegen  0.16/turn              C - ring of Lajy {Dex+4 SInv}

@: petrified
A: small, no large weapons, nightstalker 3
a: Renounce Religion, Wall of Briars, Grow Ballistomycete


You were on level 5 of the Lair of Beasts.
You worshipped Fedhas.
Fedhas was most pleased with you.
You visited 2 branches of the dungeon, and saw 16 of its levels.

You collected 1042 gold pieces.

Inventory:

Hand Weapons
 a - a +1 hand crossbow
 b - a +3 short sword of venom (weapon)
 v - a +2 trident of venom
 w - a +1 short sword of draining
 B - a +0 rapier
 K - a +1 whip of electrocution
Missiles
 d - 64 bolts
 l - 58 poisoned darts (quivered)
 m - a throwing net
Armour
 q - a +1 pair of gloves (worn)
 y - a +0 helmet (worn)
 G - a +2 pair of boots (worn)
 I - a +0 cloak (worn)
 T - the +0 leather armour of the Distant Future (worn) {Rampage rF+ rN++ Dex-2}
   (You found it on level 7 of the Dungeon)

   It affects your dexterity (-2).
   It protects you from fire.
   It greatly protects you from negative energy.
   It bestows one free step when moving towards enemies.
 X - +0 acid dragon scales
Jewellery
 i - a ring of ice
 k - a +6 ring of dexterity (left hand)
 C - the ring of Lajy (right hand) {Dex+4 SInv}
   (You found it on level 4 of the Dungeon)

   [ring of see invisible]

   It affects your dexterity (+4).
   It lets you see invisible.
 W - the amulet of Esisk (around neck) {Reflect rF+ rCorr Dex+3 SH+5}
   (You acquired it on level 8 of the Dungeon)

   [amulet of reflection]

   It reflects blocked missile attacks.
   It affects your dexterity (+3).
   It protects you from fire.
   It protects you from acid and corrosion.
   It affects your SH (+5).
 Y - a ring of fire
Wands
 s - a wand of acid (10)
 u - a wand of iceblast (9)
 D - a wand of flame (28)
 E - a wand of digging (11)
 H - a wand of polymorph (16)
Scrolls
 e - 2 scrolls of immolation
 f - 4 scrolls of amnesia
 j - 2 scrolls of summoning
 p - a scroll of fear
 z - a scroll of magic mapping
 N - 2 scrolls of blinking
 P - 2 scrolls of teleportation
 S - a scroll of fog
 V - 4 scrolls of enchant armour
Potions
 h - a potion of lignification {unknown}
 n - 2 potions of might
 o - 5 potions of flight
 r - a potion of curing {@q1}
 t - 3 potions of attraction
 x - 4 potions of mutation {!q}
 F - a potion of ambrosia
 J - a potion of resistance {unknown}
 L - a potion of haste
 O - 3 potions of brilliance
 Q - a potion of cancellation {unknown}
 U - a potion of magic
 Z - 2 potions of invisibility {unknown}
Miscellaneous
 A - a lightning rod (4/4)
 R - a condenser vane (inert)


   Skills:
 - Level 10.0 Fighting
 - Level 12.0 Short Blades
 - Level 8.0 Crossbows
 - Level 12.0 Dodging
 + Level 9.4 Stealth
 + Level 9.7 Hexes
 - Level 4.0 Translocations
 + Level 8.9 Invocations
 - Level 4.0 Evocations


You couldn't memorise any spells.
You knew the following spells:

 Your Spells              Type           Power      Damage    Failure   Level
a - Slow                  Hex            27%        N/A       1%          2
b - Blink                 Tloc           N/A        N/A       12%         2
c - Tukima's Dance        Hex            27%        N/A       2%          3
d - Ensorcelled Hibernat  Hex/Ice        26%        N/A       9%          2
z - Confusing Touch       Hex            27%        N/A       2%          3

Your spell library contained the following spells:

 Spells                   Type           Power      Damage    Failure   Level
 Corona                   Hex            30%        N/A       1%          1
 Portal Projectile        Hex/Tloc       38%        N/A       7%          3
 Cause Fear               Hex            13%        N/A       7%          4
 Dazzling Flash           Conj/Hex       26%        N/A       16%         3
 Inner Flame              Hex/Fire       13%        N/A       16%         3
 Summon Guardian Golem    Hex/Summ       13%        N/A       16%         3
 Animate Skeleton         Necr           0%         N/A       36%         1
 Beastly Appendage        Tmut           0%         N/A       36%         1
 Magic Dart               Conj           0%         1d3       36%         1
 Pain                     Necr           0%         1d4       36%         1
 Shock                    Conj/Air       0%         1d3       36%         1
 Summon Small Mammal      Summ           0%         N/A       36%         1
 Leda's Liquefaction      Hex/Erth       6%         N/A       47%         4
 Call Imp                 Summ           0%         N/A       52%         2
 Static Discharge         Conj/Air       0%         N/A       52%         2
 Wereblood                Tmut           0%         N/A       52%         2
 Call Canine Familiar     Summ           0%         N/A       75%         3
 Conjure Flame            Conj/Fire      0%         6-21      75%         3
 Mephitic Cloud           Conj/Pois/Air  0%         N/A       75%         3
 Spider Form              Tmut/Pois      0%         N/A       75%         3
 Swiftness                Air            0%         N/A       75%         3
 Vampiric Draining        Necr           0%         2d6       75%         3
 Silence                  Hex/Air        6%         N/A       83%         5
 Yara's Violent Unravell  Hex/Tmut       6%         3d5       83%         5
 Airstrike                Air            0%         N/A       98%         4
 Animate Dead             Necr           0%         N/A       98%         4
 Ice Form                 Ice/Tmut       0%         N/A       98%         4
 Summon Ice Beast         Ice/Summ       0%         N/A       98%         4
 Summon Lightning Spire   Summ/Air       0%         N/A       98%         4
 Agony                    Necr           0%         N/A       100%        5
 Borgnjor's Vile Clutch   Necr/Erth      0%         N/A       100%        5
 Hydra Form               Tmut           0%         N/A       100%        5
 Lightning Bolt           Conj/Air       0%         1d11      100%        5
 Death Channel            Necr           0%         N/A       100%        6
 Simulacrum               Ice/Necr       0%         N/A       100%        6
 Discord                  Hex            13%        N/A       100%        8


Dungeon Overview and Level Annotations

Branches:
Dungeon (11/15)            Temple (0/1) D:5            Lair (5/6) D:10
 Shoals (0/4) Lair:4       Spider (0/4) Lair:3          Orc (0/2) D:10
  Slime: Lair:5-6

Altars:
Cheibriados
Dithmenos
Elyvilon
Fedhas
Kikubaaqudgha
Nemelex Xobeh
Qazlal
Ru
Trog
Wu Jian
Yredelemnul
The Shining One

Shops:
D:1 =

Annotations:
D:2 exclusion: 2 downstairs
D:6 2 transporters, exclusion: Prince Ribbit, Maggie; Menkaure; PeterLawrence's ghost, amateur MiFi
D:9 1 runed translucent door, exclusion: vampire, TheNamelessOne's ghost, journeyman OpGl
D:11 Harold


Innate Abilities, Weirdness & Mutations

You are small and have problems with some larger weapons.
You are completely attuned to the shadows.


Message History

A wyvern comes into view.
The wyvern moves out of view.
You feel better.
The blink frog hits you but does no damage.
The basilisk gazes at you.
You are slowing down.
Aiming: Corrosive Bolt
Press: ? - help, Shift-Dir - straight line, f/p - blink frog
Aim: a blink frog (almost dead, very poisoned, 54% to hit)
The bolt of acid misses the blink frog.
The blink frog blinks!
The basilisk misses you. The wyvern closely misses you.
Your limbs are stiffening.
Okay, then.
Casting: Slow (safe; 1% risk of failure)
Confirm with . or Enter, or press ? or * to list all spells.
You blink.
You kill the blink frog!
Fedhas appreciates your contribution to the ecosystem.
You have turned to stone.
Found 19 gold pieces.
The wyvern bites you.
* * * LOW HITPOINT WARNING * * *
The wyvern bites you!
* * * LOW HITPOINT WARNING * * *
The wyvern bites you!
* * * LOW HITPOINT WARNING * * *
The wyvern bites you but does no damage. x2
The basilisk gazes at you.
You easily resist.
The wyvern bites you.
* * * LOW HITPOINT WARNING * * *
The basilisk is no longer covered in acid.
The basilisk gazes at you.
The wyvern bites you but does no damage.
The wyvern bites you.
* * * LOW HITPOINT WARNING * * *
The basilisk bites you but does no damage.
The wyvern bites you.
* * * LOW HITPOINT WARNING * * *
The basilisk bites you!
You die...
Fedhas appreciates your contribution to the ecosystem.

#.............
....##P.......
..##P.....###
##P...###. #...
P........ #.....#
#. ...^ #........
###...#### #...
#........ #.l...#
# #...##
...l..... ##..F.#
#
..††.#####.l@...#
##....#
.#........#$....#
#..>$.# #
....†#######...##
#...### # ......#
##### #....##.#
.#....|.#
#....####.
##....F# ...(.##
#.. #......
....## ####
#.#.F.# ###.##
≈##.##..


You could see a basilisk and a wyvern.

Vanquished Creatures
  3 hydras
  3 boulder beetles
  Erica (D:8)
  A two-headed ogre (D:9)
  Pikel (D:6)
  2 wolf spiders (Lair:4)
  Joseph (D:9)
  4 elephants
  2 black mambas
  2 unseen horrors
  7 cane toads
  8 komodo dragons
  3 rime drakes
  A troll (D:11)
  A hornet (D:10)
  Grinder (D:3)
  13 blink frogs
  Prince Ribbit (D:6)
  A shadow (D:11)
  2 water elementals (D:10)
  A wyvern (D:8)
  Eustachio (D:6)
  3 basilisks
  31 yaks
  2 steam dragons
  A vampire mosquito (D:10)
  Edmund (D:6)
  An acid dragon (D:9)
  13 water moccasins
  6 orc warriors
  A sky beast (D:6)
  A necrophage (D:6)
  4 black bears
  A boggart (Lair:2)
  3 wolves
  3 ogres
  4 lemures (D:6)
  A centaur (D:9)
  A phantom (D:6)
  8 bullfrogs
  6 scorpions
  A water moccasin skeleton (D:6)
  4 killer bees
  3 wights (D:9)
  2 electric eels (Lair:2)
  A vampire bat (D:3)
  A howler monkey (D:10)
  A bullfrog zombie (D:7)
  6 centaur zombies
  A jelly (D:6)
  2 hounds
  4 orc priests
  A bullfrog skeleton (D:6)
  An iron imp (D:5)
  3 iguanas
  5 orc wizards
  A hound skeleton (D:5)
  Robin (D:3)
  7 gnolls (D:5)
  13 adders
  4 river rats (D:5)
  A shadow imp (D:6)
  2 worms
  5 dart slugs
  3 fire bats (D:3)
  24 orcs
  2 spectral bats (D:3)
  6 ball pythons
  A bat simulacrum (D:3)
  3 bat skeletons (D:3)
  A bat zombie (D:3)
  9 endoplasms
  2 giant cockroaches (D:2)
  19 goblins
  9 hobgoblins
  4 jackals (D:4)
  6 kobolds
  A quokka (D:2)
  16 bats
  7 rats
  2 ballistomycete spores
336 creatures vanquished.

Vanquished Creatures (collateral kills)
  An elephant (Lair:3)
  A hornet (Lair:2)
  3 blink frogs
  2 water elementals (D:10)
  7 yaks
  2 vampire mosquitoes (D:10)
  An orc warrior (D:7)
  6 wolves
  A bullfrog (Lair:2)
  A killer bee (D:10)
  An adder (Lair:4)
  42 ballistomycete spores
68 creatures vanquished.

Vanquished Creatures (others)
  A ballistomycete spore (D:10)
  A bush (Lair:4)
  111 fungi
  178 plants
  2 withered plants (D:9)
293 creatures vanquished.

Grand Total: 697 creatures vanquished

Notes
Turn   | Place    | Note
-------+----------+-------------------------------------------
     0 | D:1      | 1player the Kobold Hunter began the quest for the Orb.
     0 | D:1      | Reached XP level 1. HP: 12/12 MP: 1/1
   106 | D:1      | Found a faded altar of an unknown god.
   124 | D:1      | Found Gatargh's Jewellery Boutique.
   438 | D:1      | Reached XP level 2. HP: 18/18 MP: 2/2
   525 | D:1      | Reached skill level 5 in Crossbows
   946 | D:1      | Reached XP level 3. HP: 22/22 MP: 3/3
  1231 | D:2      | Learned a level 2 spell: Slow
  1616 | D:2      | Found a blossoming altar of Fedhas.
  1625 | D:2      | Became a worshipper of Fedhas Madash
  1668 | D:2      | Reached skill level 1 in Hexes
  1808 | D:2      | Reached XP level 4. HP: 27/27 MP: 4/4
  2337 | D:3      | Noticed Robin
  2561 | D:3      | Noticed Grinder
  2577 | D:3      | Reached * piety under Fedhas
  2841 | D:3      | Reached skill level 1 in Short Blades
  2841 | D:3      | Reached XP level 5. HP: 29/31 MP: 5/5
  2920 | D:3      | Reached XP level 6. HP: 37/37 MP: 6/6
  3238 | D:3      | Found a glowing golden altar of the Shining One.
  3258 | D:3      | Found a sparkling altar of Nemelex Xobeh.
  3502 | D:3      | Found a bloodstained altar of Trog.
  3582 | D:3      | Reached ** piety under Fedhas
  3626 | D:3      | Killed Robin
  4055 | D:3      | Killed Grinder
  4056 | D:3      | Reached skill level 5 in Dodging
  4056 | D:3      | Reached XP level 7. HP: 23/44 MP: 7/7
  4719 | D:4      | Reached skill level 5 in Fighting
  5364 | D:4      | Identified the ring of Lajy {Dex+4 SInv}
  5537 | D:5      | Entered Level 5 of the Dungeon
  5776 | D:5      | Found a snail-covered altar of Cheibriados.
  5957 | D:5      | Found a staircase to the Ecumenical Temple.
  5966 | D:5      | Reached XP level 8. HP: 47/51 MP: 8/8
  6176 | D:5      | Found a shadowy altar of Dithmenos.
  6368 | D:5      | Reached *** piety under Fedhas
  7023 | D:5      | Learned a level 2 spell: Blink
  7033 | D:5      | Found a basalt altar of Yredelemnul.
  7122 | D:6      | Reached skill level 1 in Translocations
  7493 | D:6      | Noticed a queen bee
  7525 | D:6      | Noticed Eustachio
  7533 | D:6      | Found a transporter.
  7535 | D:6      | Found a transporter.
  7536 | D:6      | Noticed PeterLawrence's ghost (amateur MiFi)
  7559 | D:6      | Reached XP level 9. HP: 55/55 MP: 9/9
  7623 | D:6      | Reached skill level 1 in Invocations
  7669 | D:6      | Noticed Prince Ribbit
  7724 | D:6      | Identified the +5 spear "Degucs" {vorpal, Int+3}
  8272 | D:6      | Noticed Maggie
  8330 | D:6      | Noticed Edmund
  8395 | D:6      | Killed Prince Ribbit
  8399 | D:6      | Killed Edmund
  8400 | D:6      | Reached skill level 5 in Stealth
  8611 | D:6      | Noticed Menkaure
  8951 | D:6      | Noticed Pikel
  8973 | D:6      | Killed Pikel
  9009 | D:6      | Killed Eustachio
  9138 | D:6      | Found a stormy altar of Qazlal.
  9286 | D:7      | Reached XP level 10. HP: 63/63 MP: 11/13
  9814 | D:7      | Found a white marble altar of Elyvilon.
  9962 | D:7      | Found an ornate altar of the Wu Jian Council.
 10029 | D:7      | Found a sacrificial altar of Ru.
 10114 | D:7      | Identified the +0 leather armour of the Distant Future
                  | {Rampage rF+ rN++ Dex-2}
 10406 | D:8      | Noticed Erica
 10896 | D:8      | Killed Erica
 11805 | D:8      | Noticed a boulder beetle
 11831 | D:8      | Killed a boulder beetle
 11832 | D:8      | Reached skill level 5 in Invocations
 11885 | D:8      | Identified a scroll of acquirement
 11885 | D:8      | Acquired the amulet of Esisk {Reflect rF+ rCorr Dex+3 SH+5}
 11927 | D:9      | Found a blossoming altar of Fedhas.
 12089 | D:9      | Reached XP level 11. HP: 65/67 MP: 15/15
 12152 | D:9      | Noticed a two-headed ogre
 12167 | D:9      | Killed a two-headed ogre
 12375 | D:9      | Noticed a two-headed ogre
 12382 | D:9      | Noticed Joseph
 12605 | D:9      | Killed Joseph
 12807 | D:9      | Found an ancient bone altar of Kikubaaqudgha.
 12902 | D:9      | Found a runed translucent door.
 13147 | D:9      | Noticed TheNamelessOne's ghost (journeyman OpGl)
 13226 | D:10     | Entered Level 10 of the Dungeon
 13730 | D:10     | Reached skill level 10 in Dodging
 13920 | D:10     | Learned a level 3 spell: Tukima's Dance
 14280 | D:10     | Paralysed by a hornet for 2 turns
 15104 | D:10     | Found a staircase to the Lair.
 15526 | D:10     | Found a staircase to the Orcish Mines.
 15777 | D:11     | Noticed a boulder beetle
 15996 | D:11     | Reached XP level 12. HP: 64/75 MP: 16/16
 16125 | D:11     | Killed a boulder beetle
 16969 | D:11     | Noticed Harold
 17663 | Lair:1   | Entered Level 1 of the Lair of Beasts
 17674 | Lair:1   | Noticed a five-headed hydra
 17676 | Lair:1   | Noticed a six-headed hydra
 17786 | Lair:1   | Killed a five-headed hydra
 17787 | Lair:1   | Reached skill level 5 in Short Blades
 17787 | Lair:1   | Killed a six-headed hydra
 18004 | Lair:1   | Reached skill level 10 in Fighting
 18015 | Lair:1   | Reached skill level 1 in Evocations
 19180 | Lair:1   | Learned a level 2 spell: Ensorcelled Hibernation
 19557 | Lair:2   | Noticed a boulder beetle
 19563 | Lair:2   | Killed a boulder beetle
 20848 | Lair:2   | Reached XP level 13. HP: 67/82 MP: 19/19
 21072 | Lair:3   | Noticed a five-headed hydra
 21111 | Lair:3   | Found a hole to the Spider Nest.
 21860 | Lair:2   | Learned a level 3 spell: Confusing Touch
 21929 | Lair:1   | Reached skill level 10 in Short Blades
 22992 | Lair:3   | Killed a five-headed hydra
 25085 | Lair:4   | Found a staircase to the Shoals.
 25784 | Lair:5   | Identified the +5 battleaxe of Linearity {freeze, Str+2
                  | Stlth+}
 25987 | Lair:5   | HP: 2/82 [spore (37)]
 26024 | Lair:5   | HP: 2/82 [wyvern (3)]
 26025 | Lair:5   | Slain by a basilisk

Illustrated notes

Levels and vault maps discovered:
D:1:      sevenhm_arrival_forest_fort_large_2, layout_basic, serial_shops, shop,
          hellmonk_ecumenical_altar_blasted
D:2:      layout_loops_ring, basic_altar
D:3:      layout_basic, nemelex_xobeh_ov_fountains_minmay, tso_metal_star,
          lightli_temple_of_fire, hangedman_decor_clover_reticule,
          goddamned_bats, uniq_grinder, uniq_robin
D:4:      layout_gridville, due_unseen_surprise
D:5:      wad_woods_stonehenge, layout_loops_ring,
          lemuel_coloured_pillars_altar, slow_altar_1,
          minmay_temple_entry_glassed_door, chequers_serial_rivers_marsh
D:6:      layout_rooms, amcnicky_altar_gilded, gammafunk_ghost_hive,
          hangedman_abyss_or_decor_jellyfish_corner, minmay_diced_spiral,
          uniq_menkaure, uniq_maggie, uniq_eustachio, uniq_edmund,
          uniq_prince_ribbit1, uniq_pikel
D:7:      layout_loops_ring, lemuel_doored_altar,
          pdpol_wu_jian_five_deadly_venoms, lemuel_crystal_altar, hex_tiny
D:8:      layout_loops_cross, uniq_erica
D:9:      layout_loops_ring, grunt_temple_overflow_growth_and_decay,
          ebering_ghost_inner_flame, uniq_joseph
D:10:     layout_rooms, grunt_lair_entry_orc_guard_hut, david_orc_4,
          nicolae_underground_beach
D:11:     layout_basic, uniq_harold
Lair:1:   layout_loops_ring, grunt_megastairs_1, infiniplex_staircase_pool_2
Lair:2:   layout_regular_city, guppyfry_lair_drakes, infiniplex_staircase_pool
Lair:3:   layout_long_grid, spider_nest_entry_webs, beast_lair_carwin_5,
          grunt_megastairs_2
Lair:4:   minmay_lair_venomous_thicket, layout_long_grid,
          elwin_shoals_entry_rocks
Lair:5:   layout_concentric_octagons, chequers_serial_rivers_marsh,
          serial_bayou_shore_a

Skill      XL: |  1  2  3  4  5  6  7  8  9 10 11 12 13 |
---------------+----------------------------------------+-----
Crossbows      | 5 8 |  8.0
Stealth        | 2 4 6 7 8 9 |  9.4
Hexes          | 2 3 6 8 9 |  9.7
Short Blades   | 1 2 8 12 | 12.0
Fighting       | 3 4 6 7 8 10 | 10.0
Dodging        | 3 5 6 7 8 12 | 12.0
Translocations | 3 4 |  4.0
Invocations    | 4 5 6 8 |  8.9
Evocations     | 4 |  4.0

Action                   |  1- 3 |  4- 6 |  7- 9 | 10-12 | 13-15 || total
-------------------------+-------+-------+-------+-------+-------++-------
Melee: Short sword       |    61 |   137 |   308 |   483 |   346 ||  1335
       Dagger            |       |     9 |     1 |       |       ||    10
       Whip              |       |       |       |    87 |       ||    87
 Fire: Hand crossbow     |    31 |    29 |    56 |    50 |    39 ||   205
 Cast: Slow              |       |       |       |     5 |     1 ||     6
       Blink             |       |       |       |     8 |    11 ||    19
       Ensorcelled Hiber |       |       |       |     1 |       ||     1
       Confusing Touch   |       |       |       |       |    31 ||    31
Invok: Grow Ballistomyce |       |       |     2 |     9 |     1 ||    12
       Wall of Briars    |       |       |       |    14 |    15 ||    29
Evoke: Wand              |       |       |     1 |    10 |     7 ||    18
       Condenser vane    |       |       |       |       |     1 ||     1
  Use: Scroll            |     3 |       |    10 |    10 |     5 ||    28
       Potion            |       |     2 |     1 |     6 |     6 ||    15
 Stab: Sleeping          |     1 |     9 |    10 |     8 |     3 ||    31
       Confused          |       |       |     3 |     4 |    27 ||    34
       Distracted        |       |       |       |     1 |     3 ||     4
Armor: Leather armour    |    15 |    68 |    41 |   100 |    49 ||   273
Dodge: Dodged            |    53 |   195 |   236 |   726 |   351 ||  1561
Block: Other             |       |       |       |   131 |    88 ||   219

Table legend: (Time is in decaauts)
 A = Elapsed time spent in this place.
 B = Non-inter-level travel time spent in this place.
 C = Inter-level travel time spent in this place.
 D = Time resting spent in this place.
 E = Time spent auto-exploring this place.
 F = Levels seen in this place.
 G = Mean time per level.
                   A        B        C        D        E       F      G
               +--------+--------+--------+--------+--------+-----+--------+
         Total |  25856 |  25123 |    733 |   8479 |  11635 |  16 | 1616.0 |
       Dungeon |  17733 |  17153 |    580 |   5613 |   8102 |  11 | 1612.1 |
          Lair |   8123 |   7971 |    152 |   2866 |   3532 |   5 | 1624.6 |
               +--------+--------+--------+--------+--------+-----+--------+

Top non-repeatable levels by time:
  Lair:2: 2193 daAuts
    D:10: 2140 daAuts
     D:3: 2074 daAuts
  Lair:4: 1985 daAuts
    D:11: 1905 daAuts
  Lair:1: 1864 daAuts
     D:6: 1860 daAuts
     D:5: 1830 daAuts
     D:9: 1693 daAuts
  Lair:3: 1632 daAuts
     D:8: 1588 daAuts
     D:1: 1311 daAuts
     D:7: 1136 daAuts
     D:2: 1109 daAuts
     D:4: 1082 daAuts
